 Dungeon Crawl Stone Soup version 0.15.0-12-gccce430 (webtiles) character file.

30 RobertPalmer the Cudgeler (level 3, 0/27 HPs)
             Began as a Human Death Knight on Aug 31, 2014.
             Was a Follower of Yredelemnul.
             Succumbed to an adder's poison
             ... on Level 1 of the Dungeon.
             The game lasted 00:03:30 (1090 turns).

RobertPalmer the Cudgeler (Human Death Knight)      Turns: 1090, Time: 00:03:30

HP   0/27        AC  3     Str 13      XL: 3   Next: 35%
MP   5/5         EV 10     Int 11      God: Yredelemnul [*.....]
Gold 29          SH  0     Dex 13      Spells:  0 memorised,  2 levels left

rFire  . . .     SeeInvis .     a - +2 mace
rCold  . . .     Clarity  .     b - +0 leather armour
rNeg   . . .     rCorr    .     (no shield)
rPois  .         rRot     .     (no helmet)
rElec  .         Spirit   .     (no cloak)
SustAb .         Warding  .     (no gloves)
rMut   .         Stasis   .     (no boots)
Gourm  .                        (no amulet)
MR     .....                    (no ring)
                                (no ring)

@: lethally poisoned, not resistant to hostile enchantments, very unstealthy
A: no striking features
a: Animate Remains, Renounce Religion


You were on level 1 of the Dungeon.
You worshipped Yredelemnul.
Yredelemnul was aware of your devotion.
You were very hungry.

You visited 1 branch of the dungeon, and saw 1 of its levels.

You collected 29 gold pieces.


   Skills:
 - Level 2.0 Fighting
 + Level 3.5 Maces & Flails
 - Level 1.0 Armour
 - Level 1.0 Dodging
 - Level 3.0 Invocations


You had 2 spell levels left.
You didn't know any spells.

Inventory:

Hand weapons
 a - a +2 mace (weapon)
Armour
 b - a +0 leather armour (worn)
Comestibles
 c - a bread ration
Scrolls
 d - a scroll of identify {unknown}
 e - 2 scrolls of teleportation {unknown}

Dungeon Overview and Level Annotations

Branches:
Dungeon (1/15)

Altars:

#.#####.....########.###..
#.#...#..$..#...## #...#..
#.#.8.#.....#.8.## ###.#..
#.#...#.....#...## ##..Z#
#.#####.....###### ##.....
#......$.........###..#..#
#..................).###.#
#..).....<..Z.).).######.#
#........@..Z............(
#......%..........#######>
#.#####.....#####...# #.
#.#...#....(#...###.# #.
#.#.8.#...?.#.8.## .# #.
#.#...#.$...#...###....###
#.#####.....#####.........
#.###.#..#..##########..##
#.# #.#....## ..#


You could see a friendly goblin zombie and a friendly kobold zombie.


Message History

The adder bites you.
* * * LOW HITPOINT WARNING * * *
You are poisoned.
The adder poisons you! The adder barely misses you.
Your goblin zombie hits the adder with a dagger.
You feel sick.
You closely miss the adder.
The adder is almost dead.
The adder bites you.
* * * LOW HITPOINT WARNING * * *
You are lethally poisoned!
The adder poisons you! The adder barely misses you.
You closely miss the adder.
The adder is almost dead.
* * * LOW HITPOINT WARNING * * *
You feel sick. The adder bites you.
* * * LOW HITPOINT WARNING * * *
The adder bites you but does no damage.
Unknown command.
You aren't carrying any potions.
You hit the adder.
You kill the adder!
Yredelemnul accepts your kill.
* * * LOW HITPOINT WARNING * * *
You feel sick.
Unknown command.
* * * LOW HITPOINT WARNING * * *
You feel sick.
You die...
Your body rises from the dead as a mindless zombie.

Action                   || total
-------------------------++-------
Melee: Mace              ||    44
Invok: Animate Remains   ||     8
  Use: Scroll            ||     1
       Potion            ||     1

Vault maps used:
D:1:      minmay_arrival_glassed_features, st_stairs_14,
          minmay_stone_trees_medium

Notes
Turn   | Place    | Note
--------------------------------------------------------------
     0 | D:1      | RobertPalmer, the Human Death Knight, began the quest for the Orb.
     0 | D:1      | Reached XP level 1. HP: 16/16 MP: 2/2
   398 | D:1      | Reached XP level 2. HP: 6/22 MP: 3/3
   526 | D:1      | HP: 2/22 [goblin/dagger (2)]
   534 | D:1      | HP: 1/22 [goblin/dagger (1)]
   615 | D:1      | Reached skill level 3 in Maces & Flails
  1070 | D:1      | Reached XP level 3. HP: 11/27 MP: 5/5
  1085 | D:1      | HP: 2/27 [poisoned by an adder]
  1090 | D:1      | Succumbed to an adder's poison

Vanquished Creatures
  An adder (D:1)
  A giant gecko (D:1)
  7 goblins (D:1)
  3 hobgoblins (D:1)
  2 bats (D:1)
  A kobold (D:1)
  A rat (D:1)
16 creatures vanquished.

Vanquished Creatures (collateral kills)
  A gnoll (D:1)
  A bat (D:1)
  A rat (D:1)
3 creatures vanquished.

Vanquished Creatures (others)
  2 bat zombies (D:1)
  2 goblin zombies (D:1)
  2 hobgoblin zombies (D:1)
6 creatures vanquished.

Grand Total: 25 creatures vanquished
